 Dungeon Crawl Stone Soup version 0.26-a0-652-gafc20e3620 (webtiles) character file.

Game seed: 16701406172045739993

246905 Decritt the Tortoise (level 19, 0/187 HPs)
             Began as a Minotaur Fighter on Oct 3, 2020.
             Was a High Priest of Okawaru.
             Shot with an arrow by a deep elf master archer (6 damage)
             ... on level 3 of the Elven Halls.
             The game lasted 05:40:47 (43018 turns).

Decritt the Tortoise (Minotaur Fighter)            Turns: 43018, Time: 05:40:48

Health: 0/187      AC: 53    Str: 41    XL:     19   Next: 21%
Magic:  24/24      EV: 11    Int:  5    God:    Okawaru [*****.]
Gold:   856        SH:  0    Dex: 14    Spells: 18/18 levels left

rFire    + . .     SeeInvis .   L - +7 long sword "Minotaur's Doom" {protect, rC+}
rCold    + . .     Faith    .   S - +0 tower shield
rNeg     + . .     Spirit   .   J - +9 crystal plate armour "Dupoajamm" {+Inv Str+4}
rPois    +         Reflect  +   a - +2 hat
rElec    .         Harm     .   i - +2 ratskin cloak {*Rats rPois rN+ Str-1 Int-1 Dex+1}
rCorr    .         Rampage  .   n - +2 pair of gloves {Dex+3}
MR       ++...                  A - +2 pair of boots
Stlth    ..........             e - amulet of reflection
HPRegen  0.41/turn              Q - ring "Dojegec" {rF+ MR+ Str+6 Int+3}
MPRegen  0.19/turn              U - ring "Qomo" {AC+4 Str+4 Int-3 Stlth+}

@: confused, heroism, finesse, corroded, protection aura, studying Axes
A: retaliatory headbutt, horns 2, deformed body
}: 1/15 runes: serpentine
a: Heroism, Finesse, Renounce Religion, Evoke Invisibility


You were on level 3 of the Elven Halls.
You worshipped Okawaru.
Okawaru was extremely pleased with you.
You visited 7 branches of the dungeon, and saw 32 of its levels.
You also visited: Trove.

You collected 3577 gold pieces.
You spent 2721 gold pieces at shops.

Inventory:

Hand Weapons
 L - the +7 long sword "Minotaur's Doom" (weapon) {protect, rC+}
   (You found it on level 1 of the Lair of Beasts)

   It grants its wielder temporary protection when it strikes (+7 to AC).
   It protects you from cold.
 P - a +2 demon blade of venom
 V - a +4 trident of flaming
Missiles
 v - 116 poisoned darts (quivered)
Armour
 a - a +2 hat (worn)
 i - the +2 ratskin cloak (worn) {*Rats rPois rN+ Str-1 Int-1 Dex+1}
   (You found it on level 6 of the Dungeon)

   It affects your strength (-1).
   It affects your intelligence (-1).
   It affects your dexterity (+1).
   It protects you from poison.
   It protects you from negative energy.
 n - a +2 pair of gloves of dexterity (worn)
 z - the +1 plate armour of Insecurity {+Blink MR+++ rCorr Dex-4}
   (Okawaru gifted it to you on level 5 of the Lair of Beasts)

   It affects your dexterity (-4).
   It affects your resistance to hostile enchantments.
   It lets you blink.
   It provides partial protection from all sources of acid and corrosion.
 A - a +2 pair of boots (worn)
 J - the +9 crystal plate armour "Dupoajamm" (worn) {+Inv Str+4}
   (Okawaru gifted it to you on level 1 of the Snake Pit)

   It affects your strength (+4).
   It lets you turn invisible.
 S - a +0 tower shield (worn)
Jewellery
 e - an amulet of reflection (around neck)
 j - an uncursed ring of ice
 m - the ring "Tellek" {MR+ AC+4}
   (You found it in a treasure trove)

   [ring of protection]

   It affects your AC (+4).
   It affects your resistance to hostile enchantments.
 u - an uncursed ring of flight
 G - an uncursed ring of positive energy
 Q - the ring "Dojegec" (left hand) {rF+ MR+ Str+6 Int+3}
   (You found it in a treasure trove)

   [ring of strength]

   It affects your strength (+6).
   It affects your intelligence (+3).
   It protects you from fire.
   It affects your resistance to hostile enchantments.
 U - the ring "Qomo" (right hand) {AC+4 Str+4 Int-3 Stlth+}
   (You found it in a treasure trove)

   [ring of protection]

   It affects your AC (+4).
   It affects your strength (+4).
   It affects your intelligence (-3).
   It makes you more stealthy.
 Y - the ring of Baosuc {rPois MR+ Int+2 Dex+3}
   (You found it in a treasure trove)

   [ring of protection from magic]

   It affects your intelligence (+2).
   It affects your dexterity (+3).
   It protects you from poison.
   It affects your resistance to hostile enchantments.
Wands
 y - a wand of digging (7)
Scrolls
 f - 5 scrolls of teleportation
 h - 2 scrolls of enchant armour
 k - 12 scrolls of remove curse
 l - 4 scrolls of identify
 o - 2 scrolls of holy word
 q - a scroll of fear
 C - 4 scrolls of enchant weapon
 D - 2 scrolls of fog
 E - 2 scrolls of brand weapon
 I - a scroll of immolation
 K - 4 scrolls of magic mapping
Potions
 b - a potion of magic
 c - a potion of invisibility
 d - a potion of might
 t - 3 potions of mutation
 w - a potion of cancellation
 N - a potion of flight
Books
 F - a manual of Axes
Miscellaneous
 s - a phial of floods


   Skills:
 * Level 20.6(25.6) Fighting
 * Level 15.9(20.9) Long Blades
 - Level 10.6(16.8) Axes
   Level 8.7(15.9) Maces & Flails
 * Level 20.6(25.6) Armour
 * Level 17.8(22.8) Shields
 * Level 9.2 Invocations
 - Level 1.0 Evocations


You had 18 spell levels left.
You didn't know any spells.
Your spell library contained the following spells:

 Spells                   Type           Power        Failure   Level
 Animate Skeleton         Necr           #.....       95%         1
 Apportation              Tloc           #.....       95%         1
 Beastly Appendage        Tmut           #.....       95%         1
 Corona                   Hex            #......      95%         1
 Magic Dart               Conj           #...         95%         1
 Pain                     Necr           #...         95%         1
 Shock                    Conj/Air       #...         95%         1
 Summon Small Mammal      Summ           #...         95%         1
 Blink                    Tloc           N/A          99%         2
 Call Imp                 Summ           #.......     99%         2
 Ensorcelled Hibernation  Hex/Ice        #.....       99%         2
 Passwall                 Tmut/Erth      #.......     99%         2
 Slow                     Hex            #.......     99%         2
 Swiftness                Air            #.......     99%         2
 Wereblood                Tmut           #.......     99%         2
 Call Canine Familiar     Summ           #.......     100%        3
 Confusing Touch          Hex            #.......     100%        3
 Conjure Flame            Conj/Fire      #.......     100%        3
 Dazzling Flash           Conj/Hex       #.....       100%        3
 Ignite Poison            Fire/Tmut/Pois #.......     100%        3
 Mephitic Cloud           Conj/Pois/Air  #.......     100%        3
 Portal Projectile        Hex/Tloc       #.....       100%        3
 Spider Form              Tmut/Pois      #.........   100%        3
 Static Discharge         Conj/Air       #.......     100%        3
 Summon Guardian Golem    Hex/Summ       #.......     100%        3
 Tukima's Dance           Hex            #.......     100%        3
 Vampiric Draining        Necr           #.........   100%        3
 Airstrike                Air            #.........   100%        4
 Animate Dead             Necr           #.........   100%        4
 Ice Form                 Ice/Tmut       #.......     100%        4
 Passage of Golubria      Tloc           N/A          100%        4
 Summon Ice Beast         Ice/Summ       #.......     100%        4
 Summon Lightning Spire   Summ/Air       #.......     100%        4
 Agony                    Necr           #.......     100%        5
 Blade Hands              Tmut           #.........   100%        5
 Bolt of Magma            Conj/Fire/Erth #.........   100%        5
 Borgnjor's Vile Clutch   Necr/Erth      #.........   100%        5
 Fireball                 Conj/Fire      #.........   100%        5
 Iskenderun's Battlesphe  Conj           #.......     100%        5
 Lightning Bolt           Conj/Air       #.........   100%        5
 Silence                  Hex/Air        #.........   100%        5
 Hydra Form               Tmut           #.........   100%        6
 Iron Shot                Conj/Erth      #.........   100%        6
 Shadow Creatures         Summ           N/A          100%        6
 Starburst                Conj/Fire      #.........   100%        6
 Dragon Form              Tmut           #.........   100%        7
 Orb of Destruction       Conj           #.........   100%        7
 Spellforged Servitor     Conj/Summ      #.........   100%        7
 Ignition                 Fire           #.........   100%        8


Dungeon Overview and Level Annotations

Branches:
Dungeon (15/15)            Temple (1/1) D:7            Lair (6/6) D:10
 Shoals (1/4) Lair:2        Snake (4/4) Lair:2        Slime (0/5) Lair:5
    Orc (2/2) D:11            Elf (3/3) Orc:2        Vaults (0/5) D:14
 Depths (0/5) D:15

Altars:
Ashenzari
Cheibriados
Dithmenos
Elyvilon
Fedhas
Gozag
Hepliaklqana
Kikubaaqudgha
Makhleb
Nemelex Xobeh
Okawaru
Qazlal
Ru
Sif Muna
Trog
Uskayaw
Vehumet
Wu Jian
Xom
Yredelemnul
Zin
The Shining One
Jiyva

Shops:
D:11 *?}[(   D:15 (   Orc:2 ?[[}   Elf:1 (   Elf:2 !   Snake:3 [

Annotations:
D:11 mirror
D:15 3 runed translucent doors, Xyara's ghost, journeyman MiFi
Lair:4 labirint


Innate Abilities, Weirdness & Mutations

You reflexively headbutt those who attack you in melee.
You have a pair of horns on your head.
Armour fits poorly on your strangely shaped body.


Message History

The deep elf sorcerer is no longer moving quickly.
The deep elf blademaster hits you with a +0 short sword.
* * * LOW HITPOINT WARNING * * *
The deep elf blademaster hits you but does no damage.
The deep elf sorcerer mumbles some strange words.
The deep elf sorcerer seems to speed up.
You slice the deep elf sorcerer!!
Your weapon exudes an aura of protection.
You headbutt the deep elf sorcerer!!
The deep elf sorcerer is severely wounded.
The deep elf sorcerer hits you but does no damage.
The deep elf master archer shoots an arrow.
The arrow hits you!
* * * LOW HITPOINT WARNING * * *
You bump into the rock wall.
The deep elf blademaster hits you but does no damage. x2
The deep elf sorcerer hits you but does no damage.
The deep elf master archer shoots an arrow.
The arrow hits you.
You die...

#.#
##..#
#.#
#.e#
#.#
#e.#
..#
#..#
###
#..#
#..#
#..#
#.e#
#@e#
##..#
#...#
#.###
#.# #
#.# #
#.#
##
#.#
.#
#.#


You could see a deep elf blademaster, a deep elf master archer, a deep elf
annihilator and a deep elf sorcerer (fast).

Vanquished Creatures
  Bai Suzhen (Snake:4)
  Saint Roka (Elf:2)
  Rupert (D:12)
  Jorgrun (Elf:1)
  Frances (D:14)
  Agnes (Elf:1)
  A deep elf master archer (Elf:3)
  Roxanne (D:15)
  6 nagarajas (Snake:4)
  The ghost of Kokeiq the Basher, a journeyman DrFE of Vehumet (Lair:6)
  4 deep elf sorcerers
  A deep elf elementalist (Elf:1)
  2 deep elf demonologists (Elf:3)
  2 minotaurs (D:12)
  Azrael (Elf:1)
  A deep elf annihilator (Elf:2)
  A deep elf death mage (Elf:3)
  Snorg (Lair:4)
  2 fire dragons (D:15)
  A merfolk impaler (Shoals:1)
  Josephine (D:13)
  8 naga warriors
  A hydra (Lair:6)
  A rakshasa (D:14)
  Erica (D:10)
  5 anacondas
  An ice dragon (Lair:6)
  4 centaur warriors
  A death knight (D:14)
  6 catoblepae
  26 dancing weapons
  5 ogre magi
  A tengu warrior (D:12)
  17 two-headed ogres
  Urug (D:14)
  15 naga sharpshooters
  7 shock serpents
  16 death yaks
  A fire crab (Lair:6)
  22 deep elf knights
  Sonja (Orc:2)
  2 unseen horrors
  7 skeletal warriors
  A salamander mystic (Snake:3)
  A lindwurm (Lair:6)
  6 naga ritualists
  10 deep elf archers
  A wolf spider zombie (D:14)
  8 mana vipers
  An orc knight (D:15)
  2 orc sorcerers (Orc:2)
  16 ugly things
  A mana viper (shapeshifter) (Elf:1)
  An oklob plant (Lair:3)
  2 cyclopes
  47 deep elf magi
  3 manticores
  9 salamanders
  3 centaur zombies
  14 elephants
  An eye of devastation (Lair:5)
  Maurice (D:12)
  33 black mambas
  3 gargoyles
  4 guardian serpents
  16 naga magi
  Maggie (D:10)
  8 cane toads
  2 rime drakes
  A rime drake (shapeshifter) (D:15)
  9 yaktaurs (D:12)
  8 komodo dragons
  A freezing wraith (D:15)
  A tengu conjurer (D:12)
  2 polar bears (Lair:6)
  7 trolls
  A merfolk (Shoals:1)
  2 hornets
  13 hippogriffs
  4 slime creatures
  22 blink frogs
  6 dream sheep (Lair:6)
  3 shadows
  2 water elementals
  2 wyverns
  4 air elementals
  66 yaks
  6 basilisks
  6 wraiths
  A vampire (D:14)
  15 humans (D:14)
  2 steam dragons
  5 fire elementals
  7 vampire mosquitoes
  A soldier ant (D:13)
  2 wargs (Orc:2)
  54 nagas
  5 hell hounds (Elf:1)
  9 porcupines
  13 water moccasins
  20 orc warriors
  An ice beast (D:9)
  A sky beast (D:7)
  An eye of draining (Lair:5)
  4 black bears
  4 necrophages
  9 centaurs
  6 wolves
  4 phantoms
  37 ogres
  10 crocodiles
  4 big kobolds
  17 bullfrogs
  3 earth elementals
  4 scorpions
  4 killer bees (D:8)
  13 wights
  3 howler monkeys (D:7)
  2 electric eels (D:12)
  2 bullfrog zombies
  A gnoll shaman (D:6)
  10 jellies
  12 orc priests
  5 hounds
  Crazy Yiuf (D:5)
  3 bullfrog skeletons
  5 centaur skeletons
  9 iguanas
  3 hell rats (D:6)
  31 orc wizards
  9 worker ants
  A killer bee zombie (D:9)
  3 mummies (D:14)
  A hound zombie (D:8)
  A hound skeleton (D:9)
  A worker ant zombie (D:5)
  22 gnolls
  10 adders
  2 howler monkey skeletons
  4 river rats (D:6)
  3 shadow imps
  3 white imps
  3 ufetubi
  4 oozes
  5 worms
  2 dart slugs
  5 leopard geckos
  79 orcs
  3 bats
  3 giant cockroaches
  4 goblins
  5 hobgoblins
  2 jackals (D:8)
  4 quokkas
  A ball python (D:2)
  4 frilled lizards
  19 kobolds
  A leopard gecko skeleton (D:5)
  A quokka zombie (D:8)
  21 rats
  2 bushes
1113 creatures vanquished.

Vanquished Creatures (collateral kills)
  A deep elf blademaster (Elf:2)
  An orc warlord (Orc:2)
  A deep elf death mage (Elf:3)
  A hydra (D:10)
  A dancing weapon (Elf:1)
  A cane toad (Lair:3)
  A hippogriff (Lair:3)
  A yak (Lair:6)
  A human (D:14)
  A wraith (D:10)
  2 water moccasins
  A hell hound (Elf:1)
  An orc warrior (Orc:2)
  A bullfrog (Lair:3)
  A wyvern skeleton (D:10)
  2 mummies (D:14)
18 creatures vanquished.

Vanquished Creatures (others)
  A nagaraja (Snake:4)
  A deep elf archer (Elf:2)
  A deep elf mage (Elf:1)
  A manticore (Lair:6)
  A yak (Lair:5)
  A water moccasin (Lair:5)
  A naga (Snake:4)
  A crocodile (Lair:5)
  2 kobolds
  2 bushes
  55 fungi
  59 plants
  13 withered plants (D:14)
139 creatures vanquished.

Grand Total: 1270 creatures vanquished

Notes
Turn   | Place    | Note
-------+----------+-------------------------------------------
     0 | D:1      | Decritt the Minotaur Fighter began the quest for the Orb.
     0 | D:1      | Reached XP level 1. HP: 19/19 MP: 0/0
   189 | D:1      | Reached XP level 2. HP: 27/27 MP: 1/1
   650 | D:2      | Reached XP level 3. HP: 34/34 MP: 2/2
   938 | D:3      | Noticed a scorpion
   944 | D:3      | Reached XP level 4. HP: 41/41 MP: 3/3
   946 | D:3      | Reached skill level 5 in Fighting
   969 | D:3      | Reached XP level 5. HP: 41/48 MP: 4/4
  1039 | D:3      | Reached skill level 5 in Armour
  2137 | D:4      | Noticed an ogre
  2144 | D:4      | Killed an ogre
  2144 | D:4      | Reached XP level 6. HP: 56/57 MP: 5/5
  2322 | D:4      | Got a polished mace
  2323 | D:4      | Identified the +8 mace of Ducoth {venom, *Corrode rPois
                  | Int+2} (You found it on level 4 of the Dungeon)
  2934 | D:5      | Entered Level 5 of the Dungeon
  2953 | D:5      | Reached skill level 1 in Maces & Flails
  2953 | D:5      | Reached skill level 5 in Shields
  2983 | D:5      | Reached XP level 7. HP: 56/64 MP: 6/6
  3414 | D:5      | Found a runed translucent door.
  3415 | D:5      | Noticed Crazy Yiuf
  3587 | D:5      | Got a smoking ring mail
  3597 | D:5      | Identified the +3 ring mail "Reshic" {Harm MR+} (You found
                  | it on level 5 of the Dungeon)
  3697 | D:5      | Reached XP level 8. HP: 69/73 MP: 7/7
  4012 | D:5      | Killed Crazy Yiuf
  4270 | D:6      | Reached skill level 5 in Maces & Flails
  4728 | D:6      | Reached XP level 9. HP: 81/81 MP: 8/8
  4737 | D:6      | Found the +2 ratskin cloak {*Rats rPois rN+ Str-1 Int-1
                  | Dex+1}
  5237 | D:7      | Found a staircase to the Ecumenical Temple.
  5331 | Temple   | Entered the Ecumenical Temple
  5457 | Temple   | Became a worshipper of Warmaster Okawaru
  5840 | D:7      | Reached * piety under Okawaru
  6416 | D:7      | Reached XP level 10. HP: 99/99 MP: 9/9
  6417 | D:7      | Reached XP level 11. HP: 107/107 MP: 9/12
  7434 | D:8      | Reached ** piety under Okawaru
  7864 | D:9      | Reached skill level 5 in Axes
  7942 | D:9      | Found an opulent altar of Gozag.
  7993 | D:9      | Found a radiant altar of Vehumet.
  8389 | D:10     | Entered Level 10 of the Dungeon
  8392 | D:10     | Noticed Maggie
  8396 | D:10     | Reached XP level 12. HP: 112/116 MP: 13/13
  8405 | D:10     | Killed Maggie
  8481 | D:10     | Noticed Erica
  8495 | D:10     | Killed Erica
  8495 | D:10     | Reached *** piety under Okawaru
  8733 | D:10     | Noticed a four-headed hydra
  8745 | D:10     | Killed a four-headed hydra
  9032 | D:10     | Reached **** piety under Okawaru
  9212 | D:10     | Found a staircase to the Lair.
  9219 | Lair:1   | Entered Level 1 of the Lair of Beasts
  9501 | Lair:1   | You fall into a shaft and drop 1 floor!
  9501 | Lair:2   | Found a staircase to the Shoals.
  9583 | Lair:1   | Got a jewelled long sword
  9585 | Lair:1   | Identified the +7 long sword "Minotaur's Doom" {protect,
                  | rC+} (You found it on level 1 of the Lair of Beasts)
 10511 | Lair:2   | Reached skill level 1 in Long Blades
 10511 | Lair:2   | Reached skill level 10 in Shields
 11501 | Lair:2   | Found a staircase to the Snake Pit.
 11814 | Lair:3   | Reached ***** piety under Okawaru
 12266 | Lair:3   | Reached skill level 5 in Long Blades
 12478 | Lair:3   | Reached XP level 13. HP: 124/125 MP: 15/15
 13578 | Lair:4   | Found a gate leading to a gauntlet.
 13659 | Lair:4   | Received a gift from Okawaru
 13671 | Lair:4   | Reached skill level 5 in Invocations
 13763 | Lair:4   | Reached skill level 15 in Fighting
 14542 | Lair:5   | Found a hazy altar of Hepliaklqana.
 14543 | Lair:5   | Noticed Snorg
 14578 | Lair:4   | Killed Snorg
 14578 | Lair:4   | Reached skill level 15 in Armour
 15627 | Lair:5   | You fall into a shaft and drop 1 floor!
 15627 | Lair:6   | Entered Level 6 of the Lair of Beasts
 16507 | Lair:6   | Identified the Catalogue of the Supportive Voyage
 16960 | Lair:6   | Reached XP level 14. HP: 130/136 MP: 17/17
 17034 | Lair:6   | Identified a scroll of acquirement
 17042 | Lair:6   | Acquired 679 gold pieces
 17282 | Lair:6   | Acquired a +2 demon blade of freezing
 18539 | Lair:6   | Found a runed translucent door.
 18539 | Lair:6   | Noticed Kokeiq's ghost (journeyman DrFE)
 19788 | Lair:5   | Found a staircase to the Slime Pits.
 20244 | Lair:5   | Received a gift from Okawaru
 20247 | Lair:5   | Got a dazzling plate armour {god gift}
 20285 | Lair:5   | Identified the +1 plate armour of Insecurity {+Blink MR+++
                  | rCorr Dex-4} (Okawaru gifted it to you on level 5 of the
                  | Lair of Beasts)
 20804 | D:11     | Reached skill level 1 in Evocations
 20952 | D:11     | Found a portal to a secret trove of treasure.
 20969 | D:11     | Found Ihimeut's Magic Scroll Shop.
 20976 | D:11     | Bought a scroll of acquirement for 780 gold pieces
 20976 | D:11     | Bought a scroll of acquirement for 780 gold pieces
 20993 | D:11     | You paid a toll of 2 scrolls of acquirement to enter a
                  | treasure trove
 20994 | Trove    | Entered a treasure trove
 21000 | Trove    | Found the ring of the Mage {Wiz MR++ Int+3}
 21011 | Trove    | Got a clouded silver amulet
 21015 | Trove    | Got a pitted bronze ring
 21019 | Trove    | Got a warped ivory amulet
 21023 | Trove    | Got a translucent golden ring
 21031 | Trove    | Got a glittering platinum ring
 21059 | Trove    | Identified the amulet of Monotheism {RegenMP Int+3} (You
                  | found it in a treasure trove)
 21069 | Trove    | Identified the amulet of the Omega Point {Faith Int+6
                  | Dex-4} (You found it in a treasure trove)
 21134 | Trove    | Got a transparent amber ring
 21147 | Trove    | Identified the ring "Dojegec" {rF+ MR+ Str+6 Int+3} (You
                  | found it in a treasure trove)
 21151 | Trove    | Identified the ring "Qomo" {AC+4 Str+4 Int-3 Stlth+} (You
                  | found it in a treasure trove)
 21157 | Trove    | Identified the ring of Baosuc {rPois MR+ Int+2 Dex+3} (You
                  | found it in a treasure trove)
 21159 | Trove    | Identified the ring "Tellek" {MR+ AC+4} (You found it in a
                  | treasure trove)
 21314 | D:11     | Found Jimus's Armour Shop.
 21324 | D:11     | Found Jaisa's Weapon Shoppe.
 21359 | D:11     | Found Uloesil's Gadget Boutique.
 21489 | D:11     | Found a staircase to the Orcish Mines.
 21533 | D:11     | Found Geomupo's General Store.
 21984 | Orc:1    | Entered Level 1 of the Orcish Mines
 22160 | Orc:2    | Entered Level 2 of the Orcish Mines
 22163 | Orc:2    | Found a staircase to the Elven Halls.
 22163 | Orc:2    | Noticed Sonja
 22171 | Orc:2    | Killed Sonja
 22295 | Orc:2    | Noticed an orc warlord
 22320 | Orc:2    | Killed an orc warlord
 22336 | Orc:2    | Gained mutation: Armour fits poorly on your strangely
                  | shaped body. [a neqoxec]
 22813 | Orc:2    | Reached skill level 10 in Long Blades
 22856 | Orc:2    | Reached XP level 15. HP: 73/146 MP: 18/18
 23618 | Orc:2    | Received a gift from Okawaru
 23663 | Orc:2    | Found Cocvikic's Armour Shop.
 23664 | Orc:2    | Found Wuosusar's Magic Scroll Emporium.
 23665 | Orc:2    | Found Xinkoyci's Armour Shop.
 23665 | Orc:2    | Found Rafy's Gadget Shoppe.
 24191 | D:12     | Noticed Maurice
 24202 | D:12     | Killed Maurice
 24525 | D:12     | You fall into a shaft and drop 2 floors!
 24565 | D:14     | Noticed Urug
 24598 | D:14     | Killed Urug
 25158 | D:14     | Noticed Frances
 25221 | D:14     | Killed Frances
 25461 | D:14     | Found a gate to the Vaults.
 25496 | D:13     | Received a gift from Okawaru
 25617 | D:12     | Noticed Josephine
 25641 | D:13     | Killed Josephine
 26233 | D:12     | Noticed Rupert
 26248 | D:12     | Killed Rupert
 26532 | D:12     | Received a gift from Okawaru
 26533 | D:12     | Got a faintly glowing demon whip {god gift}
 26548 | D:12     | Got a polished war axe
 26548 | D:12     | Identified the +9 war axe of Sitehu {flame, rPois rF- rC++
                  | Str-5} (You found it on level 12 of the Dungeon)
 26556 | D:12     | Identified the Incunabulum of Transformation
 26576 | D:12     | Identified the +1 demon whip "Giant's Undoing" {elec, rElec
                  | MR+} (Okawaru gifted it to you on level 12 of the Dungeon)
 26674 | D:12     | Reached XP level 16. HP: 148/157 MP: 19/19
 26751 | D:12     | Got a coiled jade ring
 26753 | D:12     | Identified the ring of Finkin {Wiz Str+4} (You found it on
                  | level 12 of the Dungeon)
 28506 | D:15     | Entered Level 15 of the Dungeon
 28508 | D:15     | Found a viscous altar of Jiyva.
 28526 | D:15     | Noticed Roxanne
 28578 | D:15     | Killed Roxanne
 28770 | D:15     | Received a gift from Okawaru
 29060 | D:15     | Found Kifust's Antique Weapon Boutique.
 29108 | D:15     | Reached skill level 15 in Shields
 29126 | D:15     | Reached skill level 10 in Axes
 29223 | D:15     | Found a runed translucent gate.
 29223 | D:15     | Found a runed translucent gate.
 29224 | D:15     | Found a runed translucent gate.
 29246 | D:15     | Noticed Xyara's ghost (journeyman MiFi)
 29478 | D:15     | Found an ancient bone altar of Kikubaaqudgha.
 29613 | D:15     | Found a staircase to the Depths.
 29876 | D:11     | Bought a +1 pair of gloves for 172 gold pieces
 29876 | D:11     | Bought a +4 plate armour for 675 gold pieces
 29876 | D:11     | Bought a +0 tower shield for 67 gold pieces
 30212 | Lair:6   | Killed Kokeiq's ghost
 30661 | Elf:1    | Entered Level 1 of the Elven Halls
 30749 | Elf:1    | Found Aklust's Weapon Emporium.
 30753 | Elf:1    | Noticed Jorgrun
 30775 | Elf:1    | Killed Jorgrun
 31025 | Elf:1    | Noticed Azrael
 31035 | Elf:1    | Killed Azrael
 31700 | Elf:1    | Received a gift from Okawaru
 31706 | Elf:1    | HP: 5/159 [deep elf mage/bolt of lightning (17)]
 32335 | Elf:1    | Noticed Agnes
 32357 | Elf:1    | Killed Agnes
 32357 | Elf:1    | Reached XP level 17. HP: 129/166 MP: 18/21
 33903 | Shoals:1 | Entered Level 1 of the Shoals
 34192 | Snake:1  | Entered Level 1 of the Snake Pit
 35018 | Snake:1  | Received a gift from Okawaru
 35019 | Snake:1  | Got a transparent crystal plate armour {god gift}
 35098 | Snake:1  | Identified the +9 crystal plate armour "Dupoajamm" {+Inv
                  | Str+4} (Okawaru gifted it to you on level 1 of the Snake
                  | Pit)
 35481 | Snake:2  | Got a faintly humming cloak
 35493 | Snake:2  | Identified the cursed +0 cloak of Apathy {Harm Regen+} (You
                  | found it on level 2 of the Snake Pit)
 37420 | Snake:3  | Found Ysuiqeucw's Antique Armour Emporium.
 37426 | Snake:3  | Bought a pair of embroidered gloves for 247 gold pieces
 37501 | Snake:4  | Entered Level 4 of the Snake Pit
 37904 | Snake:4  | Received a gift from Okawaru
 37904 | Snake:4  | Reached XP level 18. HP: 128/178 MP: 22/22
 38065 | Snake:4  | Noticed Bai Suzhen
 38097 | Snake:4  | Killed Bai Suzhen
 38816 | Snake:4  | Received a gift from Okawaru
 39252 | Snake:4  | Received a gift from Okawaru
 39277 | Snake:4  | Reached skill level 15 in Long Blades
 39641 | Snake:4  | Got a serpentine rune of Zot
 40720 | Elf:2    | Found Qeacoit's Distillery.
 41280 | Elf:1    | Received a gift from Okawaru
 41281 | Elf:1    | Got an ancient chain mail {god gift}
 41481 | Elf:1    | Identified the +0 chain mail "Xiczinne" {rElec} (Okawaru
                  | gifted it to you on level 1 of the Elven Halls)
 41679 | Elf:2    | Found a runed translucent gate.
 41679 | Elf:2    | Found a runed translucent gate.
 41680 | Elf:2    | Found a runed translucent gate.
 42023 | Elf:2    | Noticed Saint Roka
 42055 | Elf:2    | Killed Saint Roka
 42055 | Elf:2    | Reached XP level 19. HP: 158/187 MP: 17/24
 42574 | Elf:3    | Entered Level 3 of the Elven Halls
 43014 | Elf:3    | HP: 8/187 [acid (13)]
 43017 | Elf:3    | HP: 1/187 [deep elf master archer/arrow (10)]
 43018 | Elf:3    | Shot with an arrow by a deep elf master archer

Illustrated notes

Levels and vault maps discovered:
D:1:      psy_arrival_dodecagon, layout_basic
D:2:      layout_rooms, minmay_tromino_v2
D:3:      kennysheep_big_flooded_room, layout_basic, grunt_ministairs_8
D:4:      layout_gridville
D:5:      layout_basic, serial_curves, eino_curves_02, eino_curves_03,
          eino_curves_02, kennysheep_diamond, st_stairs_7,
          uniq_crazy_yiuf_cottage
D:6:      wander_guarded_unrand_ratskin, layout_basic,
          minmay_a_box_with_orc_wizards_in_it
D:7:      layout_gridville, minmay_temple_entry_tees,
          chequers_serial_rivers_small_a, hangedman_abyss_or_decor_passed,
          minmay_fractal_squares_gapless_5
D:8:      layout_basic, minmay_manual_mullet
D:9:      layout_basic, kennysheep_little_box, basic_altar
D:10:     minmay_thinvault, layout_cross, lair_entry_dummy, uniq_erica,
          uniq_maggie
D:11:     layout_loops_corners, david_orc_2, enter_trove_2, serial_shops,
          nicolae_shop_trees, nicolae_shop_stone, shop, shop, shop_statue,
          minmay_sticks_and_stones
D:12:     fort_yaktaur, layout_stronghold, uniq_rupert, uniq_maurice,
          uniq_josephine
D:13:     layout_roguey
D:14:     layout_basic, david_vaults_3, serial_undead, serial_undead_f,
          serial_undead_b, serial_undead_e, serial_undead_b, uniq_frances
D:15:     grunt_enter_depths_hoard, layout_rooms, lemuel_crystal_altar,
          serial_shops, shop, gammafunk_ghost_necromancy, jiyva_altar_1,
          uniq_roxanne
Temple:   kilobyte_greek_temple
Lair:1:   layout_regular_city, serial_bayou_shore_a, serial_bayou_shore_b,
          serial_bayou_shore_b, lemuel_fruit_tree
Lair:2:   wander_river, layout_misc_corridors, shoals_dummy_entry,
          guppyfry_snake_entry_garden, serial_bayou_shore_b
Lair:3:   layout_concentric_octagons, minmay_lair_oklob_items,
          eino_small_chamber_without_monster, cheibrodos_lair_reptile_den
Lair:4:   layout_long_grid, gauntlet_entry_generic
Lair:5:   beast_lair_carwin_large_3, layout_regular_city,
          minmay_slime_entry_eyes, basic_altar, uniq_snorg
Lair:6:   evilmike_catoblepas_cave, layout_cave_pods,
          portal_ice_cave_entry_animals_and_master,
          ebering_ghost_reflecting_pool, chequers_serial_rivers_micro_d
Shoals:1: layout_shoals, gammafunk_ghost_cemetery,
          nicolae_shoals_dead_sea_scrolls
Snake:1:  layout_rooms
Snake:2:  layout_misc_corridors, nrook_guardian_serpent_ordinary
Snake:3:  layout_grid_maze, serial_shops, shop, st_stairs_13
Snake:4:  minmay_snake_end_coiled, layout_onion_interference, uniq_bai_suzhen
Orc:1:    layout_caves
Orc:2:    st_orc_ogre_mass, layout_caves, uniq_sonja
Elf:1:    eino_elf_arrival_customs, layout_rooms, serial_shops, shop,
          hangedman_elven_crosses_minicolossus, uniq_azrael, uniq_jorgrun,
          uniq_agnes
Elf:2:    layout_geoelf_grid, serial_shops, nicolae_shop_window_shopping,
          uniq_saint_roka
Elf:3:    minmay_elf_hall_circle, layout_gridlike

Skill      XL: |  1  2  3  4  5  6  7  8  9 10 11 12 13 14 15 16 17 18 19 |
---------------+----------------------------------------------------------+-----
Fighting       | 4 5 6 7 8 12 13 14 15 16 18 19 20 | 20.6
Armour         | 4 5 6 8 12 13 14 15 16 18 19 20 | 20.6
Shields        | 4 5 6 7 8 9 10 11 12 14 15 16 17 | 17.8
Axes           | 3 4 5 6 8 10 | 10.6
Maces & Flails | 2 3 5 6 7 8 |  8.7
Invocations    | 2 3 4 6 7 8 9 |  9.2
Long Blades    | 5 7 10 11 12 14 15 | 15.9
Evocations     | 1 |  1.0

Action                   |  1- 3 |  4- 6 |  7- 9 | 10-12 | 13-15 | 16-18 | 19-21 || total
-------------------------+-------+-------+-------+-------+-------+-------+-------++-------
Melee: War axe           |    47 |    89 |       |       |       |       |       ||   136
       Headbutt          |     8 |    24 |    57 |   125 |   430 |   505 |    22 ||  1171
       Mace              |       |    35 |   280 |   346 |       |       |       ||   661
       Long sword        |       |       |       |   179 |  1475 |  1727 |    88 ||  3469
       Demon blade       |       |       |       |       |     6 |       |       ||     6
Throw: Dart              |       |       |       |       |    19 |     5 |       ||    24
Invok: Heroism           |       |       |       |     6 |    46 |    28 |     3 ||    83
       Finesse           |       |       |       |       |       |    11 |     1 ||    12
 Abil: Evoke Blink       |       |       |       |       |     1 |     1 |       ||     2
       Evoke Invisibilit |       |       |       |       |       |     1 |       ||     1
  Use: Scroll            |     2 |     2 |     9 |    10 |    16 |    23 |     8 ||    70
       Potion            |       |       |     1 |     1 |    12 |     5 |    13 ||    32
 Stab: Distracted        |       |       |     1 |       |       |     1 |       ||     2
Armor: Scale mail        |    13 |       |       |       |       |       |       ||    13
       Chain mail        |     6 |    62 |     9 |       |       |       |       ||    77
       Plate armour      |       |       |    83 |   229 |   947 |   332 |       ||  1591
       Crystal plate arm |       |       |       |       |       |   260 |    59 ||   319
Dodge: Dodged            |    16 |    25 |    35 |   103 |   442 |   209 |    18 ||   848
Block: Kite shield       |    16 |    55 |   188 |   498 |  1617 |   322 |       ||  2696
       Reflection        |       |     6 |     9 |    20 |    44 |   220 |    22 ||   321
       Tower shield      |       |       |       |       |       |  1537 |   170 ||  1707
       Rpst.: Long sword |       |       |       |    16 |    76 |    44 |       ||   136
       Demon blade       |       |       |       |       |     1 |       |       ||     1

Table legend: (Time is in decaauts)
 A = Elapsed time spent in this place.
 B = Non-inter-level travel time spent in this place.
 C = Inter-level travel time spent in this place.
 D = Time resting spent in this place.
 E = Time spent auto-exploring this place.
 F = Levels seen in this place.
 G = Mean time per level.
                   A        B        C        D        E       F      G
               +--------+--------+--------+--------+--------+-----+--------+
         Total |  42539 |  39543 |   2996 |  11310 |  15869 |  33 | 1289.1 |
       Dungeon |  16395 |  15279 |   1116 |   2097 |   8851 |  15 | 1093.0 |
        Temple |    166 |    129 |     37 |      0 |     81 |   1 |  166.0 |
          Lair |  12831 |  11782 |   1049 |   5125 |   2620 |   6 | 2138.5 |
        Shoals |    259 |    257 |      2 |    173 |      0 |   1 |  259.0 |
     Snake Pit |   5106 |   4606 |    500 |    976 |   2277 |   4 | 1276.5 |
  Orcish Mines |   3162 |   2922 |    240 |   1712 |    662 |   2 | 1581.0 |
   Elven Halls |   4382 |   4333 |     49 |   1226 |   1377 |   3 | 1460.7 |
         Trove |    235 |    235 |      0 |      0 |      0 |   1 |  235.0 |
               +--------+--------+--------+--------+--------+-----+--------+

Top non-repeatable levels by time:
  Lair:6: 3886 daAuts
   Elf:1: 2427 daAuts
   Orc:2: 2233 daAuts
 Snake:4: 2121 daAuts
  Lair:3: 1994 daAuts
  Lair:4: 1854 daAuts
  Lair:2: 1773 daAuts
    D:12: 1754 daAuts
  Lair:5: 1666 daAuts
  Lair:1: 1655 daAuts
   Elf:2: 1534 daAuts
    D:14: 1405 daAuts
 Snake:3: 1361 daAuts
    D:11: 1341 daAuts
    D:15: 1286 daAuts
